 Dungeon Crawl Stone Soup version 0.25-a0-294-gea9b1ad378 (webtiles) character file.

Game seed: 15599546206527781944, levelgen mode: deterministic

17 Lanoc the Skirmisher (level 2, 0/29 HPs)
             Began as an Ogre Skald on Dec 19, 2019.
             Slain by Terence
             ... wielding a +0 mace
              (3 damage)
             ... on level 2 of the Dungeon.
             The game lasted 00:00:54 (764 turns).

Lanoc the Skirmisher (Ogre Skald)                    Turns: 764, Time: 00:00:55

Health: 0/29       AC:  3    Str: 14    XL:     2   Next: 62%
Magic:  3/5        EV: 10    Int: 14    God:
Gold:   50         SH:  0    Dex:  8    Spells: 5/6 levels left

rFire    . . .     SeeInvis .   a - +0 mace
rCold    . . .     Gourm    .   (no shield)
rNeg     . . .     Faith    .   b - +0 robe
rPois    .         Spirit   .   (helmet restricted)
rElec    .         Reflect  .   (no cloak)
rCorr    .         Harm     .   (gloves unavailable)
MR       .....                  (boots unavailable)
Stlth    +.........             (no amulet)
HPRegen  0.09/turn              (no ring)
MPRegen  0.09/turn              (no ring)

@: infused
A: large, unfitting armour, tough skin 1
a: no special abilities


You were on level 2 of the Dungeon.
You were not hungry.

You visited 1 branch of the dungeon, and saw 2 of its levels.

You collected 50 gold pieces.

Inventory:

Hand Weapons
 a - a +0 mace (weapon)
Armour
 b - a +0 robe (worn)
Scrolls
 c - a scroll of fog {unknown}
Comestibles
 d - 3 rations


   Skills:
 + Level 2.9 Fighting
 * Level 2.2 Maces & Flails
 + Level 2.2 Dodging
 + Level 2.8 Spellcasting
 + Level 2.8 Charms


You had 5 spell levels left.
You knew the following spells:

 Your Spells              Type           Power        Failure   Level  Hunger
a - Infusion              Chrm           #...         7%          1    #......

Your spell library contained the following spells:

 Spells                   Type           Power        Failure   Level  Hunger
 Song of Slaying          Chrm           #.......     11%         2    ###....
 Shroud of Golubria       Chrm/Tloc      #.....       19%         2    ###....
 Regeneration             Chrm/Necr      #.........   36%         3    ###....
 Spectral Weapon          Hex/Chrm       #.......     36%         3    ###....


Dungeon Overview and Level Annotations

Branches:
Dungeon (2/15)

Altars:

Annotations:
D:2 Terence


Innate Abilities, Weirdness & Mutations

You are too large for most types of armour.
You have tough skin. (AC +1)


Message History

The frilled lizard bites you. Terence hits you with a +0 mace!
The frilled lizard bites you.
* * * LOW HITPOINT WARNING * * *
You aren't carrying any potions.
You thump Terence!
Terence is heavily wounded.
The frilled lizard closely misses you. Terence barely misses you.
You hit Terence.
Terence is severely wounded.
The frilled lizard barely misses you. Terence hits you with a +0 mace.
* * * LOW HITPOINT WARNING * * *
You hit Terence.
Terence is almost dead.
The frilled lizard bites you but does no damage.
Terence closely misses you.
You completely miss Terence.
Terence is almost dead.
The frilled lizard bites you but does no damage.
Terence hits you with a +0 mace.
You die...

...
#.. #
#.#
#.#.#
.#.#
..#
#l#
#@#
#@#
#s#
#(.
#.#
#.#
#..
###


You could see Terence, a giant cockroach and a frilled lizard.

Vanquished Creatures
  A worm (D:1)
  A dart slug (D:1)
  A leopard gecko (D:1)
  A bat (D:1)
  2 hobgoblins (D:1)
  2 goblins (D:1)
  3 kobolds (D:1)
  A rat (D:1)
12 creatures vanquished.

Notes
Turn   | Place    | Note
-------+----------+-------------------------------------------
     0 | D:1      | Lanoc the Ogre Skald began the quest for the Orb.
     0 | D:1      | Reached XP level 1. HP: 22/22 MP: 3/3
    71 | D:1      | Reached XP level 2. HP: 27/29 MP: 0/5
   755 | D:2      | Noticed Terence
   764 | D:2      | Slain by Terence

Levels and vault maps discovered:
D:1:      evilmike_arrival_run_for_it, layout_basic, serial_glass,
          glass_columns_a, glass_columns_c, kennysheep_boxes
D:2:      layout_loops_ring, serial_glass, glass_columns_a, glass_columns_a,
          uniq_jessica, uniq_terence

Skill      XL: |  1 |
---------------+----+-----
Maces & Flails | 2 |  2.2
Fighting       | |  2.9
Dodging        | |  2.2
Spellcasting   | |  2.8
Charms         | |  2.8

Action                   || total
-------------------------++-------
Melee: Mace              ||    42
 Cast: Infusion          ||     7
Armor: Robe              ||     4
Dodge: Dodged            ||    23

Table legend:
 A = Non-vault XP
 B = Vault XP
 C = Vault XP percentage of total XP
 D = Non-vault monster count
 E = Vault monster count
 F = Vault count percentage of total count
                 A         B        C        D         E       F
            +---------+---------+-------+---------+---------+-------
      Total |      20 |       5 |  20.0 |      11 |       1 |   8.3
            +---------+---------+-------+---------+---------+-------
        D:1 |      20 |       5 |  20.0 |      11 |       1 |   8.3
            +---------+---------+-------+---------+---------+-------
